 Dungeon Crawl Stone Soup version 0.23.2-1-ga50397a (webtiles) character file.

Game seed: 12598073276536682393

6113 Kairos the Geomancer (level 11, -2/73 HPs)
             Began as a Formicid Earth Elementalist on Apr 16, 2019.
             Slain by Kairos's ghost (7 damage)
             ... on level 5 of the Dungeon.
             The game lasted 00:44:12 (10150 turns).

Kairos the Geomancer (Formicid Earth Elementalist) Turns: 10150, Time: 00:44:14

Health: -2/73      AC:  3    Str: 13    XL:     11   Next: 12%
Magic:  14/33      EV: 12    Int: 18    God:
Gold:   912        SH:  0    Dex: 11    Spells: 7/28 levels left

rFire    + . .     SeeInvis +   E - staff of wizardry
rCold    x . .     Gourm    .   (no shield)
rNeg     . . .     Faith    +   l - +0 leather armour
rPois    +         Spirit   .   (helmet unavailable)
rElec    +         Reflect  .   (no cloak)
rCorr    .         Harm     .   (no gloves)
MR       +....                  (no boots)
Stlth    +++.......             O - amulet of faith
HPRegen  0.22/turn              s - ring of magical power
MPRegen  0.23/turn              L - ring of fire

@: no status effects
A: permanent stasis, dig shafts and tunnels, four strong arms, antennae 3,
poison resistance, electricity resistance
a: Dig, Shaft Self


You were on level 5 of the Dungeon.
You were not hungry.

You visited 1 branch of the dungeon, and saw 9 of its levels.
You also visited: Ossuary.

You collected 912 gold pieces.

Inventory:

Hand Weapons
 a - a +7 short sword of speed
 o - a +0 trident
Missiles
 b - 264 stones (quivered)
 k - 5 tomahawks of returning
 n - a throwing net
 v - 4 javelins of penetration
Armour
 c - a +0 robe
 l - a +0 leather armour (worn)
 r - a +0 ring mail
Magical Staves
 E - an uncursed staff of wizardry (weapon)
Jewellery
 s - a ring of magical power (left hand)
 C - an uncursed ring of resist corrosion
 G - an uncursed ring of fire
 L - a ring of fire (right hand)
 N - an uncursed ring of poison resistance
 O - an amulet of faith (around neck)
Wands
 w - a wand of acid (9)
 D - a wand of random effects (11)
 M - a wand of flame (14)
 P - a wand of disintegration (14)
Scrolls
 e - 2 scrolls of amnesia
 f - 2 scrolls of immolation
 g - 8 scrolls of remove curse
 h - 2 scrolls of teleportation
 i - 3 scrolls of fear {unknown}
 m - 2 scrolls of identify
 q - a scroll of magic mapping
 x - 2 scrolls of enchant armour {unknown}
 y - a scroll of fog {unknown}
 z - a scroll of vulnerability {unknown}
 A - 3 scrolls of noise {unknown}
Potions
 p - a potion of haste {unknown}
 t - 3 potions of flight
 u - 2 potions of curing {unknown}
 B - 2 potions of heal wounds {unknown}
 F - 3 potions of degeneration {unknown}
 H - a potion of magic {unknown}
 I - a potion of brilliance {unknown}
 J - 3 potions of agility {unknown}
 K - a potion of cancellation {unknown}
Comestibles
 d - 16 rations


   Skills:
 + Level 2.5 Fighting
 + Level 4.1 Short Blades
 + Level 3.6 Armour
 + Level 3.3 Dodging
 + Level 6.7 Stealth
 + Level 9.2 Spellcasting
 + Level 4.1 Conjurations
 + Level 1.5 Transmutations
 + Level 0.9 Air Magic
 + Level 11.0 Earth Magic
 + Level 1.9 Poison Magic


You had 7 spell levels left.
You knew the following spells:

 Your Spells              Type           Power        Failure   Level  Hunger
a - Sandblast             Erth           #####.       1%          1    None
b - Stone Arrow           Conj/Erth      #####.       1%          3    None
c - Mephitic Cloud        Conj/Pois/Air  ###.....     4%          3    None
d - Petrify               Tmut/Erth      ####....     3%          4    ###....
e - Passwall              Tmut/Erth      ####....     1%          2    None
f - Lee's Rapid Deconstr  Erth           #####.....   1%          5    #####..
g - Conjure Flame         Conj/Fire      ###.....     6%          3    None

Your spell library contained the following spells:

 Spells                   Type           Power        Failure   Level  Hunger
 Flame Tongue             Conj/Fire      ###..        1%          1    None
 Magic Dart               Conj           ###.         1%          1    None
 Throw Flame              Conj/Fire      ###...       2%          2    None
 Call Imp                 Summ           #.......     6%          2    None
 Slow                     Hex            #.......     6%          2    None
 Inner Flame              Hex/Fire       ##......     13%         3    None
 Sticky Flame             Conj/Fire      ###.....     17%         4    ###....
 Fireball                 Conj/Fire      ###.......   43%         5    #####..
 Blink                    Tloc           Unusable     N/A         2    N/A

Dungeon Overview and Level Annotations

Branches:
Dungeon (9/15)
 Temple: D:4-7         Lair: D:8-11         Orc: D:9-12

Altars:
Dithmenos
Gozag
Trog

Annotations:
D:4 3 runed translucent doors, Borgoz's ghost, novice KoGl; MartialLaw's ghost, amateur OpTm
D:5 Kairos's ghost, novice FoAK


Innate Abilities, Weirdness & Mutations

You cannot be hasted, slowed, berserked, paralysed or teleported.
You can dig through walls and to a lower floor.
Your four strong arms can wield two-handed weapons with a shield.
You have a pair of large antennae on your head. (SInv)
Your system is resistant to poisons. (rPois)
You are resistant to electric shocks. (rElec)


Message History

Aiming: Stone Arrow (safe; 1% risk of failure)
Press: ? - help, Shift-Dir - straight line The stone arrow hits Kairos's ghost.
Kairos's ghost is heavily damaged.
Kairos's ghost hits you!
* * * LOW HITPOINT WARNING * * *
Kairos's ghost screams, "Zot is a myth, the ORB is a fable, you'll soon be a tale!"
Kairos's ghost shouts, "Very impressive.
But it won't help.
Nothing will."
You see here 19 sling bullets.
There is a stone staircase leading up here.
Kairos's ghost hits you!
* * * LOW HITPOINT WARNING * * *
You climb upwards.
A crimson imp comes into view.
Found a stone staircase leading up.
There is a stone staircase leading down here.
An iguana comes into view.
The iguana hisses angrily.
Kairos's ghost hits you!
You die...

.. ##. ### .# ...
..# .# .. #.##.###
5. # #.###.#.....
...#.#.........
........##...#
.......>##...#
.........W@l.#
##...######<......
#...# ###.###
#...# # #...#
###### #...#
.....# #...####
####.###....... #
#...........# ..


You could see an iguana and Kairos's ghost.

Vanquished Creatures
  The ghost of Borgoz the Slicer, a novice KoGl of Ashenzari (D:9)
  An obsidian statue (D:9)
  An ugly thing (D:9)
  A gargoyle (D:9)
  Grinder (D:4)
  Prince Ribbit (D:6)
  2 hogs (D:9)
  2 yaks (D:9)
  A human (D:9)
  A hungry ghost (D:8)
  A black bear (D:7)
  A phantom (D:7)
  9 ogres
  A centaur (D:7)
  A big kobold (D:9)
  A gnoll sergeant (D:8)
  7 bullfrogs
  2 scorpions
  14 killer bees
  2 centaur zombies
  A bullfrog zombie (D:9)
  3 jellies
  A bullfrog skeleton (D:4)
  An orc priest (D:9)
  A hound (D:6)
  4 orc wizards
  A centaur skeleton (D:5)
  Ijyb (D:4)
  Natasha (twice) (D:2)
  3 iguanas
  5 worker ants
  A hound skeleton (D:6)
  8 mummies (Ossuary)
  6 gnolls
  8 adders
  A shadow imp (D:8)
  An ooze (D:2)
  3 worms
  5 dart slugs
  2 leopard geckos
  13 orcs
  8 giant cockroaches
  2 gnoll zombies (Ossuary)
  11 goblins
  6 hobgoblins
  A jackal (D:3)
  7 kobolds
  2 quokkas
  3 ball pythons
  2 ball python skeletons
  3 bats
  A frilled lizard (D:5)
  A hobgoblin zombie (Ossuary)
  3 kobold zombies (Ossuary)
  A leopard gecko zombie (D:9)
  2 orc zombies (Ossuary)
  2 rats
177 creatures vanquished.

Vanquished Creatures (others)
  A wizard (D:3)
  5 toadstools (D:1)
  A withered plant (D:4)
7 creatures vanquished.

Grand Total: 184 creatures vanquished

Notes
Turn   | Place    | Note
-------+----------+-------------------------------------------
     0 | D:1      | Kairos the Formicid Earth Elementalist began the quest for
                  | the Orb.
     0 | D:1      | Reached XP level 1. HP: 13/13 MP: 3/3
   275 | D:1      | Reached skill level 4 in Earth Magic
   275 | D:1      | Reached XP level 2. HP: 14/19 MP: 0/5
   587 | D:1      | Reached XP level 3. HP: 17/25 MP: 3/6
   906 | D:2      | Noticed Natasha
   913 | D:2      | Killed Natasha
   913 | D:2      | Reached XP level 4. HP: 21/31 MP: 2/8
  1031 | D:2      | Reached skill level 1 in Short Blades
  1228 | D:2      | Noticed Natasha
  1265 | D:2      | Killed Natasha
  1265 | D:2      | Reached XP level 5. HP: 36/36 MP: 6/9
  1556 | D:3      | Found a bloodstained altar of Trog.
  1557 | D:3      | Noticed a wizard
  1563 | D:3      | Killed a wizard
  1655 | D:3      | Learned a level 3 spell: Stone Arrow
  1896 | D:3      | Reached skill level 1 in Fighting
  1896 | D:3      | Reached skill level 5 in Earth Magic
  2305 | D:4      | Reached XP level 6. HP: 39/43 MP: 4/11
  2826 | D:4      | Noticed Ijyb
  2831 | D:4      | Learned a level 3 spell: Mephitic Cloud
  3145 | D:4      | Found a runed translucent gate.
  3145 | D:4      | Found a runed translucent gate.
  3145 | D:4      | Found a runed translucent gate.
  3167 | D:4      | Noticed MartialLaw's ghost (amateur OpTm)
  3167 | D:4      | Noticed Borgoz's ghost (novice KoGl)
  3187 | D:4      | Noticed Grinder
  3194 | D:4      | Killed Grinder
  3194 | D:4      | Reached skill level 1 in Armour
  3194 | D:4      | Reached skill level 1 in Conjurations
  3194 | D:4      | Reached XP level 7. HP: 32/48 MP: 4/13
  3321 | D:4      | Killed Ijyb
  3607 | D:5      | Entered Level 5 of the Dungeon
  3615 | D:5      | Reached skill level 6 in Earth Magic
  3765 | D:5      | Reached XP level 8. HP: 49/54 MP: 13/14
  3781 | D:5      | You fall through a shaft!
  3888 | D:6      | Noticed Prince Ribbit
  3898 | D:6      | Killed Prince Ribbit
  3898 | D:6      | Reached skill level 5 in Spellcasting
  3898 | D:6      | Reached skill level 1 in Poison Magic
  4077 | D:6      | Reached skill level 7 in Earth Magic
  4162 | D:6      | Found a runed translucent door.
  4495 | D:6      | Noticed Kairos's ghost (novice FoAK)
  4608 | D:6      | HP: 2/55 [Kairos's ghost (6)]
  5037 | D:7      | Reached XP level 9. HP: 61/61 MP: 2/17
  5148 | D:7      | Reached skill level 8 in Earth Magic
  5761 | D:8      | Gained mutation: You are frail. (-10% HP) [potion of
                  | mutation]
  5761 | D:8      | Gained mutation: Scrolls take you a little longer to read.
                  | [potion of mutation]
  5761 | D:8      | Lost mutation: You are frail. (-10% HP) [potion of
                  | mutation]
  5762 | D:8      | Lost mutation: Scrolls take you a little longer to read.
                  | [potion of mutation]
  5762 | D:8      | Gained mutation: Your system is resistant to poisons.
                  | (rPois) [potion of mutation]
  5762 | D:8      | Gained mutation: You are resistant to electric shocks.
                  | (rElec) [potion of mutation]
  5808 | D:8      | Learned a level 4 spell: Petrify
  5811 | D:8      | Learned a level 2 spell: Passwall
  5817 | D:8      | Learned a level 5 spell: Lee's Rapid Deconstruction
  6094 | D:8      | Reached skill level 9 in Earth Magic
  6243 | D:8      | Found a sand-covered staircase.
  6268 | Ossuary  | Entered an ossuary
  7263 | D:8      | Learned a level 3 spell: Conjure Flame
  7285 | D:8      | Reached skill level 5 in Stealth
  7370 | D:8      | Reached XP level 10. HP: 67/67 MP: 13/20
  9006 | D:9      | Found a runed translucent gate.
  9006 | D:9      | Found an opulent altar of Gozag.
  9006 | D:9      | Noticed an obsidian statue
  9007 | D:9      | Found a runed translucent gate.
  9007 | D:9      | Found a runed translucent gate.
  9008 | D:9      | Noticed Borgoz's ghost (novice KoGl)
  9008 | D:9      | Noticed a gargoyle
  9039 | D:9      | Reached skill level 10 in Earth Magic
  9073 | D:9      | Noticed a purple ugly thing
  9082 | D:9      | Killed a purple ugly thing
  9480 | D:9      | Found a shadowy altar of Dithmenos.
  9708 | D:9      | Killed a gargoyle
  9710 | D:9      | Killed Borgoz's ghost
  9710 | D:9      | Reached XP level 11. HP: 66/73 MP: 18/23
  9944 | D:9      | Killed an obsidian statue
  9944 | D:9      | Reached skill level 11 in Earth Magic
 10150 | D:5      | Slain by Kairos's ghost

Skill      XL: |  1  2  3  4  5  6  7  8  9 10 11 |
---------------+----------------------------------+-----
Earth Magic    | 4 5 6 7 9 10 11 | 11.0
Dodging        | 2 3 |  3.3
Short Blades   | 1 2 4 |  4.1
Spellcasting   | 3 4 5 6 8 9 |  9.2
Fighting       | 1 2 |  2.5
Armour         | 1 2 3 |  3.6
Stealth        | 3 5 6 |  6.7
Conjurations   | 1 2 3 4 |  4.1
Poison Magic   | 1 |  1.9
Transmutations | |  1.5
Air Magic      | |  0.9

Action                   |  1- 3 |  4- 6 |  7- 9 | 10-12 || total
-------------------------+-------+-------+-------+-------++-------
Melee: Short sword       |    15 |    71 |   116 |    11 ||   213
       Staff             |       |       |     4 |     2 ||     6
Throw: Stone             |       |       |       |     1 ||     1
 Cast: Sandblast         |    18 |    31 |    40 |    30 ||   119
       Stone Arrow       |       |    17 |    68 |    33 ||   118
       Mephitic Cloud    |       |     1 |     7 |     2 ||    10
       Petrify           |       |       |    24 |     5 ||    29
       Lee's Rapid Decon |       |       |     4 |    17 ||    21
       Conjure Flame     |       |       |       |     2 ||     2
 Abil: Dig               |       |     3 |     3 |     4 ||    10
  Use: Scroll            |       |       |    10 |     2 ||    12
       Potion            |       |       |     2 |       ||     2
 Stab: Sleeping          |     1 |       |       |       ||     1
       Confused          |       |       |     1 |     1 ||     2
       Petrified         |       |       |    38 |     1 ||    39
       Distracted        |       |       |     1 |       ||     1
  Eat: Chunk             |       |     5 |    10 |     4 ||    19
       Ration            |       |     1 |     4 |     4 ||     9
Armor: Robe              |     2 |     1 |       |       ||     3
       Leather armour    |       |     7 |    15 |     5 ||    27
Dodge: Dodged            |    10 |    45 |    90 |    29 ||   174
